[Event "Tuesday 30 January Rapid Engine Tour 12+1 Rounds 9 Starts 1600 ST"]
[Site "Infinity Chess"]
[Date "2018.1.30"]
[Round "2"]
[White "RonWeasley"]
[Black "hafaba"]
[Result "1/2-1/2"]
[ECO "B00"]
[WhiteElo "2450"]
[BlackElo "2450"]
[WhiteEngine "BrainFish 060118_CTG"]
[BlackEngine "SF SL FA 26012018 POPCNT_CTG"]
[EventType "Swiss"]
[WhiteTeam ""]
[BlackTeam ""]
[PlyCount "153"]
[TimeControl "720+1"]

1. e4 Nc6 2. Nc3 e5 3. g3 Bc5 4. Na4 d6 5. d3 f5 6. Qh5+ g6 7. Qd1 fxe4 
8. dxe4 Qe7 9. Bg2 Nf6 10. Nxc5 dxc5 11. c3 Bd7 12. Nf3 O-O-O 13. O-O h6 
14. Qe2 g5 15. a3 Bg4 16. h3 Bh5 17. b4 Qe6 18. bxc5 Qb3 19. a4 Qxc3 20. Be3 Bf7 
21. Rac1 Qd3 22. Qb2 Qb3 23. Qe2 Nxe4 24. a5 Nc3 25. Qe1 Na2 26. Rb1 Qc3 
27. a6 Qxe1 28. Rfxe1 Bd5 29. h4 g4 30. axb7+ Kb8 31. Nd2 Bxg2 32. Kxg2 Nab4 
33. Re2 Nd5 34. Ne4 a5 35. Reb2 Nxe3+ 36. fxe3 Rhf8 37. Ra2 Ka7 38. h5 Rf5 
39. Rb5 Rb8 40. Rab2 Rbf8 41. Rb1 Kb8 42. Rh1 Rg8 43. Rh4 Rf7 44. Nf2 Rfg7 
45. Rh1 Rf7 46. Rb2 e4 47. Rh4 Ne5 48. c6 Rf6 49. Rb5 Nc4 50. Nxg4 Rxc6 
51. Ne5 Nxe5 52. Rxe5 Ra6 53. Rexe4 Kxb7 54. Rh1 Rg5 55. Ra4 Rb5 56. g4 Rb4 
57. Rha1 c5 58. g5 hxg5 59. Rxa5 Rxa5 60. Rxa5 Kb6 61. Ra8 Rh4 62. Rh8 c4 
63. Kf3 Kc6 64. Rc8+ Kb5 65. Rh8 c3 66. Rc8 Kb4 67. Ke2 Rh1 68. Rb8+ Kc4 
69. Rc8+ Kb3 70. Kd3 Rd1+ 71. Ke4 c2 72. Kf5 g4 73. Kxg4 c1=Q 74. Rxc1 Rxc1 
75. Kg5 Ra1 76. h6 Rb1 77. h7 1/2-1/2

[Event "Tuesday 30 January Rapid Engine Tour 12+1 Rounds 9 Starts 1600 ST"]
[Site "Infinity Chess"]
[Date "2018.1.30"]
[Round "2"]
[White "Wolle"]
[Black "Katzenmaier"]
[Result "1/2-1/2"]
[ECO "C50"]
[WhiteElo "2469"]
[BlackElo "2473"]
[WhiteEngine "Raubfisch X37a2_CTG"]
[BlackEngine "SugaR XPrO x64 POPCNT"]
[EventType "Swiss"]
[WhiteTeam ""]
[BlackTeam ""]
[PlyCount "91"]
[TimeControl "720+1"]

1. e4 e5 2. Nf3 Nc6 3. Bc4 Bc5 4. O-O Nf6 5. d3 O-O 6. c3 d6 7. h3 a5 8. Nbd2 h6 
9. Re1 Be6 10. b3 Re8 11. Bb5 Bd7 12. Bb2 Ba7 13. d4 Nh7 14. Rc1 Nxd4 
15. Nxd4 exd4 16. Bxd7 Qxd7 17. cxd4 c6 18. Nf3 Nf6 19. Qd3 d5 20. e5 Ne4 
21. Nd2 f5 22. f3 Ng5 23. f4 Ne6 24. g3 Rf8 25. Rf1 a4 26. b4 g5 27. fxg5 hxg5 
28. Rxf5 Qh7 29. Rcf1 Qxh3 30. Rxf8+ Rxf8 31. Qg6+ Ng7 32. Rxf8+ Kxf8 
33. Qf6+ Kg8 34. Qxg5 Qf5 35. Qd8+ Kh7 36. Kg2 Qc2 37. Qh4+ Kg8 38. Qd8+ Kf7 
39. Qd7+ Kf8 40. Bc1 Bxd4 41. Qd6+ Kf7 42. Qf6+ Kg8 43. Qd8+ Kf7 44. Qf6+ Kg8 
45. Qd8+ Kf7 46. Qf6+ 1/2-1/2

[Event "Tuesday 30 January Rapid Engine Tour 12+1 Rounds 9 Starts 1600 ST"]
[Site "Infinity Chess"]
[Date "2018.1.30"]
[Round "2"]
[White "KRAKEN"]
[Black "Eman"]
[Result "1/2-1/2"]
[ECO "D31"]
[WhiteElo "2482"]
[BlackElo "2474"]
[WhiteEngine "Raubfisch ME262_GTZ16c_CTG"]
[BlackEngine "Eman 1.68c 64-bit POPCNT"]
[EventType "Swiss"]
[WhiteTeam ""]
[BlackTeam ""]
[PlyCount "145"]
[TimeControl "720+1"]

1. d4 d5 2. c4 e6 3. Nc3 c6 4. Nf3 dxc4 5. a4 Nf6 6. e3 c5 7. Bxc4 cxd4 
8. exd4 Be7 9. O-O Nc6 10. d5 exd5 11. Nxd5 Nxd5 12. Bxd5 O-O 13. Be3 Bf5 
14. Qb3 Nb4 15. Rfd1 Qe8 16. Nd4 Nxd5 17. Qxd5 Bg4 18. Rd2 b6 19. Nc6 Be6 
20. Qb5 Bf6 21. h3 Bf5 22. Nxa7 Rxa7 23. Qxf5 Rxa4 24. Rxa4 Qxa4 25. Qc2 Qb5 
26. b3 h5 27. Qd1 h4 28. Bd4 Bg5 29. Qh5 f6 30. f4 Qb4 31. Rd1 Bxf4 32. Qd5+ Rf7 
33. Qa8+ Qf8 34. Qd5 Qd6 35. Qxd6 Bxd6 36. Bxb6 Be5 37. Rd3 Rb7 38. Bc5 Rb5 
39. b4 g5 40. Ra3 Rb8 41. Re3 Kf7 42. Rb3 Ke6 43. Kf2 Bf4 44. Ra3 Rd8 
45. Ra6+ Kf5 46. Be3 Bg3+ 47. Ke2 Rb8 48. Bd2 Be5 49. Ra3 Ke4 50. Rb3 Kd4 
51. b5 Kd5 52. Kd3 Ra8 53. Be3 Ra2 54. Bd2 Kd6 55. b6 Kc6 56. b7 Bb8 57. Ke2 f5 
58. Kd3 g4 59. Rb1 Ra3+ 60. Ke2 Rg3 61. Rc1+ Kd7 62. Rc8 Rxg2+ 63. Kd3 Rg3+ 
64. Kc4 Bd6 65. hxg4 h3 66. b8=Q Bxb8 67. Rxb8 Rxg4+ 68. Kd5 h2 69. Rh8 h1=Q+ 
70. Rxh1 Ke7 71. Bc3 Kf7 72. Ba1 Ra4 73. Bd4 1/2-1/2

[Event "Tuesday 30 January Rapid Engine Tour 12+1 Rounds 9 Starts 1600 ST"]
[Site "Infinity Chess"]
[Date "2018.1.30"]
[Round "2"]
[White "Neoxium"]
[Black "MCDermont"]
[Result "1/2-1/2"]
[ECO "E10"]
[WhiteElo "2488"]
[BlackElo "2498"]
[WhiteEngine "Stockfish SL FA PB BMI2"]
[BlackEngine "BrainFish 060118_CTG"]
[EventType "Swiss"]
[WhiteTeam ""]
[BlackTeam ""]
[PlyCount "146"]
[TimeControl "720+1"]

1. d4 Nf6 2. c4 e6 3. Nf3 d5 4. Nc3 c6 5. Bg5 h6 6. Bxf6 Qxf6 7. e3 Nd7 
8. Bd3 dxc4 9. Bxc4 g6 10. O-O Bg7 11. e4 e5 12. d5 Nb6 13. Bb3 Bg4 14. Re1 Bxf3 
15. Qxf3 Qxf3 16. gxf3 O-O 17. dxc6 bxc6 18. Na4 Rfc8 19. Red1 Rc7 20. Rac1 Bf8 
21. Rc2 c5 22. Bd5 Rb8 23. Nxb6 axb6 24. a4 Rd7 25. Rcd2 Kg7 26. Rd3 Rd6 
27. Kg2 Be7 28. Rb3 Rf8 29. Rb5 Bd8 30. b3 Bc7 31. Rc1 Bd8 32. a5 bxa5 
33. Rbxc5 Bb6 34. Rb5 Rfd8 35. Rc2 Rb8 36. h3 h5 37. h4 f6 38. Rc1 Kh6 
39. Kf1 Rh8 40. Bc6 Bd4 41. Bd5 Ra6 42. Rb7 Raa8 43. Rbc7 Rab8 44. Kg2 Rh7 
45. R7c6 Rf8 46. Rd1 Rb7 47. Rc2 Rb4 48. Ra2 Rc8 49. Rxa5 Rc2 50. Rf1 Rb8 
51. Ra6 Rb6 52. Ra8 g5 53. Rg8 Ra6 54. b4 Rb6 55. f4 exf4 56. Rh8+ Kg7 
57. Rg8+ Kh6 58. Rh8+ Kg6 59. e5 Kf5 60. exf6 Bxf6 61. Rxh5 Rxb4 62. hxg5 Bd4 
63. g6+ Kxg6 64. Be4+ Kxh5 65. Bxc2 Kg5 66. Kf3 Rb2 67. Rg1+ Kf6 68. Rg6+ Kf7 
69. Rc6 Ke7 70. Kxf4 Bxf2 71. Rc8 Ke6 72. Kf3 Bd4 73. Rc6+ Kd5 1/2-1/2

[Event "Tuesday 30 January Rapid Engine Tour 12+1 Rounds 9 Starts 1600 ST"]
[Site "Infinity Chess"]
[Date "2018.1.30"]
[Round "2"]
[White "MarioDeMonti"]
[Black "angriff"]
[Result "1-0"]
[ECO "B00"]
[WhiteElo "2462"]
[BlackElo "2441"]
[WhiteEngine "stockfish_x64_bmi2_2018_01_23_CTG"]
[BlackEngine "Stockfish SL FA POPCNT_CTG"]
[EventType "Swiss"]
[WhiteTeam ""]
[BlackTeam ""]
[PlyCount "189"]
[TimeControl "720+1"]

1. e4 Nc6 2. Nf3 e5 3. Bc4 Nf6 4. d3 Bc5 5. c3 d6 6. O-O O-O 7. h3 a5 
8. Nbd2 Be6 9. Bb5 Qc8 10. Re1 Bxh3 11. gxh3 Qxh3 12. Nf1 Qg4+ 13. Kh1 Qh3+ 
14. N3h2 Bxf2 15. Re2 Ng4 16. Rc2 h5 17. Qf3 Qxf3+ 18. Nxf3 Bc5 19. Kg2 a4 
20. Bg5 g6 21. Re1 Kg7 22. d4 Bb6 23. Bd2 Nd8 24. Bc4 exd4 25. cxd4 Ba5 
26. d5 Re8 27. Bb5 Re7 28. Nd4 f5 29. Bg5 Nf6 30. Ree2 Rxe4 31. Rxe4 fxe4 
32. Rf2 Ng4 33. Re2 Bb6 34. Rxe4 Bxd4 35. Rxd4 Nf7 36. Bc1 a3 37. bxa3 Nfe5 
38. Ng3 Nf6 39. Bb2 Kf8 40. a4 Nfg4 41. Ne4 Ne3+ 42. Kf2 N3g4+ 43. Kg3 Ne3 
44. Rd2 N5c4 45. Re2 Nf5+ 46. Kf2 Nxb2 47. Rxb2 Ra5 48. Rc2 Nd4 49. Rxc7 Nxb5 
50. axb5 Rxb5 51. Nf6 Rb2+ 52. Kf3 Rb1 53. Ke3 Re1+ 54. Kf2 Ra1 55. Rxb7 Rxa2+ 
56. Kf3 Ra1 57. Nh7+ Kg8 58. Kf4 Rg1 59. Nf6+ Kf8 60. Rd7 h4 61. Rh7 Rg2 
62. Rxh4 Rg1 63. Rh3 Ke7 64. Ng4 Rf1+ 65. Ke4 Re1+ 66. Ne3 Ke8 67. Kf4 Ra1 
68. Kg5 Ra4 69. Kxg6 Kd8 70. Kf5 Kc7 71. Rh7+ Kb6 72. Ke6 Re4+ 73. Kxd6 Rxe3 
74. Rh1 Kb7 75. Kd7 Rb3 76. d6 Rg3 77. Rb1+ Ka6 78. Kd8 Rc3 79. d7 Rh3 
80. Rd1 Kb6 81. Kc8 Rh8+ 82. d8=Q+ Rxd8+ 83. Rxd8 Kc6 84. Rd7 Kb5 85. Rc7 Kb4 
86. Kb7 Kb5 87. Ka7 Kb4 88. Kb6 Ka3 89. Ka5 Kb3 90. Kb5 Ka2 91. Kc4 Ka3 
92. Kc3 Ka2 93. Ra7+ Kb1 94. Ra6 Kc1 95. Ra1# 1-0

[Event "Tuesday 30 January Rapid Engine Tour 12+1 Rounds 9 Starts 1600 ST"]
[Site "Infinity Chess"]
[Date "2018.1.30"]
[Round "2"]
[White "Marsell"]
[Black "SkyPilot"]
[Result "1/2-1/2"]
[ECO "B90"]
[WhiteElo "2483"]
[BlackElo "2493"]
[WhiteEngine "asmFishW_2018-01-11_popcnt"]
[BlackEngine "stockfish_x64_bmi2_2018_01_23_CTG"]
[EventType "Swiss"]
[WhiteTeam ""]
[BlackTeam ""]
[PlyCount "153"]
[TimeControl "720+1"]

1. e4 c5 2. Nf3 d6 3. d4 cxd4 4. Nxd4 Nf6 5. Nc3 a6 6. Be3 e5 7. Nb3 Be6 
8. f3 h5 9. Qd2 Nbd7 10. Nd5 Bxd5 11. exd5 g6 12. Be2 Bg7 13. O-O b6 14. c4 O-O 
15. Rae1 Re8 16. Bf2 Qc7 17. Bd3 Kh7 18. a4 Bh6 19. Qd1 Rab8 20. Bh4 Kg7 
21. Re2 Rec8 22. Kh1 Ra8 23. Ree1 Kg8 24. h3 Nh7 25. Bg3 Nc5 26. Nxc5 bxc5 
27. Re2 Qd7 28. Bc2 Rab8 29. Bh4 Re8 30. a5 Rf8 31. b3 Rfe8 32. Be1 Rf8 
33. Kg1 Bg5 34. h4 Bh6 35. Bc3 Bf4 36. Qe1 f5 37. Qf2 Nf6 38. Rb1 Kh7 39. g3 Bh6 
40. Rbe1 Kg8 41. Kh1 Bg7 42. Bd2 Kh7 43. Qf1 Bh6 44. Bc3 Bg7 45. Rf2 Rb7 
46. Kg1 e4 47. fxe4 Ng4 48. Bxg7 Qxg7 49. Rf4 Qd4+ 50. Kg2 Re8 51. Kh3 Rbe7 
52. Re2 fxe4 53. Qe1 Kg8 54. Kg2 Kg7 55. Kf1 Rf8 56. Rxf8 Kxf8 57. Bxe4 Kg7 
58. Kg2 Re5 59. Kf1 Re7 60. Kg2 Rf7 61. Qd2 Qf6 62. Qb2 Qxb2 63. Rxb2 Ne3+ 
64. Kh3 Rf1 65. Re2 Ng4 66. Bg2 Nf2+ 67. Kh2 Ng4+ 68. Kh3 Ra1 69. Re7+ Kf8 
70. Rb7 Rxa5 71. Rb8+ Ke7 72. Rb7+ Kf8 73. Rd7 Nf2+ 74. Kh2 Ng4+ 75. Kh3 Nf2+ 
76. Kh2 Ng4+ 77. Kh3 1/2-1/2

[Event "Tuesday 30 January Rapid Engine Tour 12+1 Rounds 9 Starts 1600 ST"]
[Site "Infinity Chess"]
[Date "2018.1.30"]
[Round "1"]
[White "KhalidOmar"]
[Black "ludimilojko"]
[Result "1/2-1/2"]
[ECO "A46"]
[WhiteElo "2451"]
[BlackElo "2307"]
[WhiteEngine "Eman 1.68c 64-bit BMI2"]
[BlackEngine "corchess_x64_CTG"]
[EventType "Swiss"]
[WhiteTeam ""]
[BlackTeam ""]
[PlyCount "140"]
[TimeControl "720+1"]

1. d4 Nf6 2. Nf3 d5 3. c4 e6 4. Nc3 c6 5. Bg5 h6 6. Bxf6 Qxf6 7. e3 Nd7 
8. Bd3 dxc4 9. Bxc4 g6 10. Qc2 Bg7 11. Ne4 Qe7 12. Bb3 O-O 13. O-O e5 
14. Ng3 Kh8 15. Rad1 Re8 16. a3 e4 17. Nd2 Nf6 18. Rc1 h5 19. h3 Kg8 20. Rfd1 h4 
21. Ne2 Bf5 22. Ba2 Rad8 23. Qa4 a6 24. Nc3 Nd5 25. Nxd5 cxd5 26. Qa5 Qg5 
27. Kh1 Rd6 28. Rc7 Qd8 29. Rdc1 Re7 30. Qc5 Be6 31. Rxe7 Qxe7 32. Qc7 Bf8 
33. Nb3 Qxc7 34. Rxc7 Rb6 35. Rc2 Bd6 36. Na5 g5 37. b4 Rb5 38. Kg1 Kf8 
39. Bb3 Bd7 40. Rc1 Ke7 41. Rc3 Kd8 42. Bc2 Ke7 43. Bd1 f6 44. Bc2 Be6 
45. Bb3 f5 46. f3 exf3 47. gxf3 Kf6 48. Kg2 Bg3 49. Ba4 Rb6 50. Nb3 f4 
51. Nc5 a5 52. exf4 axb4 53. fxg5+ Kxg5 54. Rb3 Bf5 55. Rxb4 Rxb4 56. axb4 Kf4 
57. Bb3 Ke3 58. Bxd5 b6 59. Ne6 Be1 60. b5 Bc3 61. Ng7 Bd3 62. Be4 Bxe4 
63. fxe4 Kxe4 64. Ne6 Kd5 65. Nf4+ Kxd4 66. Ne2+ Kc4 67. Nxc3 Kxc3 68. Kf3 Kc4 
69. Kg4 Kxb5 70. Kxh4 Ka4 1/2-1/2

[Event "Tuesday 30 January Rapid Engine Tour 12+1 Rounds 9 Starts 1600 ST"]
[Site "Infinity Chess"]
[Date "2018.1.30"]
[Round "1"]
[White "tris77"]
[Black "RonWeasley"]
[Result "1/2-1/2"]
[ECO "C11"]
[WhiteElo "2368"]
[BlackElo "2453"]
[WhiteEngine "stockfish_18012814_x64_modern_CTG"]
[BlackEngine "BrainFish 060118_CTG"]
[EventType "Swiss"]
[WhiteTeam ""]
[BlackTeam ""]
[PlyCount "75"]
[TimeControl "720+1"]

1. e4 e6 2. d4 d5 3. Nc3 Nf6 4. e5 Nfd7 5. f4 c5 6. Nf3 Nc6 7. Be3 cxd4 
8. Nxd4 Qb6 9. Qd2 Qxb2 10. Rb1 Qa3 11. Bb5 Nxd4 12. Bxd4 a6 13. Bxd7+ Bxd7 
14. Rb3 Qe7 15. Rxb7 Rc8 16. O-O Qd8 17. f5 exf5 18. Rfb1 Qa5 19. Qe3 Be6 
20. Rb8 f4 21. Rxc8+ Bxc8 22. Qxf4 Bc5 23. Nxd5 O-O 24. Rd1 h6 25. c4 Be6 
26. Bxc5 Qxc5+ 27. Qd4 Rc8 28. Kf2 Qa3 29. Rd2 Kh8 30. h3 Qa5 31. Ke2 Rc5 
32. a4 Kh7 33. Rd1 Kh8 34. Rd3 Rc8 35. Nb6 Rc5 36. Nd5 Rc8 37. Nb6 Rc5 38. Nd5 
1/2-1/2

[Event "Tuesday 30 January Rapid Engine Tour 12+1 Rounds 9 Starts 1600 ST"]
[Site "Infinity Chess"]
[Date "2018.1.30"]
[Round "1"]
[White "hafaba"]
[Black "Satria_Ungu"]
[Result "1/2-1/2"]
[ECO "A40"]
[WhiteElo "2453"]
[BlackElo "2369"]
[WhiteEngine "SF SL FA 26012018 POPCNT_CTG"]
[BlackEngine "Houdini 6_CTG"]
[EventType "Swiss"]
[WhiteTeam ""]
[BlackTeam ""]
[PlyCount "151"]
[TimeControl "720+1"]

1. d4 c6 2. e4 d5 3. Nd2 dxe4 4. Nxe4 Bf5 5. Ng3 Bg6 6. Nf3 e6 7. h4 h6 
8. Ne5 Bh7 9. Bd3 Nf6 10. Bxh7 Nxh7 11. Qh5 Qc7 12. Ne4 Nf6 13. Nxf6+ gxf6 
14. Nd3 Qd7 15. Be3 Qd5 16. Nf4 Qxh5 17. Nxh5 Nd7 18. Ke2 f5 19. g3 Be7 
20. a4 Nb6 21. Nf4 Nc4 22. Bc1 O-O-O 23. b3 Nd6 24. f3 Ne8 25. Be3 Nc7 
26. Rhd1 Bd6 27. c4 Na6 28. Kf2 Nb4 29. Rd2 Rd7 30. h5 Rg8 31. Rg1 Be7 
32. g4 fxg4 33. fxg4 b6 34. Kf3 Bg5 35. Rgg2 Rgd8 36. Rh2 Rg8 37. Rhe2 Rgd8 
38. Kg3 a5 39. Kf3 Rg8 40. Rf2 Rd6 41. Kg3 Rd7 42. Rf3 b5 43. Kh3 bxa4 
44. bxa4 Kc7 45. Rff2 Re8 46. Kg3 Rg8 47. Rf3 Kc8 48. Kh3 Kc7 49. Re2 Kc8 
50. Ref2 c5 51. d5 exd5 52. Nxd5 Nxd5 53. cxd5 Bxe3 54. Rxe3 Rxd5 55. Rxf7 Rd4 
56. Rg3 c4 57. Kh4 Rg5 58. Rf8+ Kb7 59. Rf6 Rc5 60. Rc3 Rc6 61. Rf5 Rd3 
62. Rxd3 cxd3 63. Rd5 Rc3 64. Kg3 Kc6 65. Rd8 d2+ 66. Kf4 Rc4+ 67. Kf3 Rxa4 
68. Rxd2 Rb4 69. g5 hxg5 70. Rc2+ Kb5 71. Rh2 g4+ 72. Kg3 Rb3+ 73. Kxg4 Kc4 
74. Rc2+ Kb5 75. h6 Re3 76. h7 1/2-1/2

[Event "Tuesday 30 January Rapid Engine Tour 12+1 Rounds 9 Starts 1600 ST"]
[Site "Infinity Chess"]
[Date "2018.1.30"]
[Round "1"]
[White "Dovahkiin"]
[Black "MarioDeMonti"]
[Result "0-1 "]
[ECO "B23"]
[WhiteElo "2380"]
[BlackElo "2462"]
[WhiteEngine "BrainFish_180128_x64_modern_CTG"]
[BlackEngine "stockfish_x64_bmi2_2018_01_23_CTG"]
[EventType "Swiss"]
[WhiteTeam ""]
[BlackTeam ""]
[PlyCount "32"]
[TimeControl "720+1"]

1. e4 c5 2. Nc3 a6 3. Nge2 d6 4. g3 e5 5. Nd5 Ne7 6. Nec3 Nbc6 7. Bg2 b5 
8. d3 b4 9. Nb1 h5 10. Ne3 h4 11. a3 h3 12. Bf3 Nd4 13. axb4 Nxf3+ 14. Qxf3 cxb4 
15. Nd2 a5 16. O-O Bb7 0-1

[Event "Tuesday 30 January Rapid Engine Tour 12+1 Rounds 9 Starts 1600 ST"]
[Site "Infinity Chess"]
[Date "2018.1.30"]
[Round "1"]
[White "Marsell"]
[Black "Dinkelberger"]
[Result "1-0"]
[ECO "C11"]
[WhiteElo "2471"]
[BlackElo "2382"]
[WhiteEngine "asmFishW_2018-01-11_popcnt"]
[BlackEngine "stockfish_18012814_x64_modern_CTG"]
[EventType "Swiss"]
[WhiteTeam ""]
[BlackTeam ""]
[PlyCount "169"]
[TimeControl "720+1"]

1. e4 e6 2. d4 d5 3. Nc3 Nf6 4. e5 Nfd7 5. f4 c5 6. Nf3 Nc6 7. Be3 Be7 8. Qd2 a6 
9. Be2 O-O 10. O-O b5 11. a3 Bb7 12. Nd1 Rc8 13. c3 Nb6 14. b3 c4 15. b4 Ra8 
16. Bf2 a5 17. Ne3 Bc8 18. Rfb1 Nd7 19. Bd1 f5 20. bxa5 Qxa5 21. Be1 Rb8 
22. g4 fxg4 23. Nxg4 Qd8 24. Qg2 Qe8 25. Ng5 Bxg5 26. fxg5 Kh8 27. Bc2 Qh5 
28. g6 Ra8 29. Rxb5 Na5 30. Rbb1 Nb3 31. Ra2 Ba6 32. gxh7 Bb5 33. Ne3 Nb6 
34. h4 Be8 35. Qg5 Rf3 36. Ng2 Qf7 37. Kh2 Na4 38. Bxb3 cxb3 39. Rxb3 Rc8 
40. Qg4 Kxh7 41. Re2 Qh5 42. Qxh5+ Bxh5 43. Re3 Rf1 44. Rb7 Rc6 45. Rg3 Rf7 
46. Rxf7 Bxf7 47. Nf4 Nb6 48. Rg2 Nc4 49. a4 Ra6 50. Rf2 Bg6 51. Kg3 Rb6 
52. h5 Be4 53. Ra2 Bf5 54. Kh4 Kh6 55. Bg3 Rc6 56. Rf2 Ne3 57. a5 Nd1 
58. Rf1 Nxc3 59. Rc1 Rc4 60. Bf2 Nb5 61. Rxc4 dxc4 62. Be3 g5+ 63. hxg6 c3 
64. a6 Be4 65. d5 exd5 66. a7 Nxa7 67. Bxa7 c2 68. Be3 d4 69. Bc1 d3 70. e6 d2 
71. Bxd2 Bxg6 72. Nh5+ Kh7 73. Kg5 c1=Q 74. Bxc1 Bxh5 75. Kxh5 Kg7 76. e7 Kf7 
77. Ba3 Ke8 78. Kg6 Kd7 79. Kf7 Kc6 80. e8=Q+ Kd5 81. Qa4 Ke5 82. Qc4 Kf5 
83. Bd6 Kg5 84. Bg3 Kh6 85. Qh4# 1-0

[Event "Tuesday 30 January Rapid Engine Tour 12+1 Rounds 9 Starts 1600 ST"]
[Site "Infinity Chess"]
[Date "2018.1.30"]
[Round "1"]
[White "star99"]
[Black "Wolle"]
[Result "1/2-1/2"]
[ECO "D10"]
[WhiteElo "2389"]
[BlackElo "2472"]
[WhiteEngine "Cryptic AIL V2"]
[BlackEngine "Raubfisch X37a2_CTG"]
[EventType "Swiss"]
[WhiteTeam ""]
[BlackTeam ""]
[PlyCount "113"]
[TimeControl "720+1"]

1. d4 d5 2. c4 c6 3. cxd5 cxd5 4. Bf4 Nc6 5. e3 Bf5 6. Qb3 Qd7 7. Nf3 f6 
8. Nc3 e6 9. Bb5 h5 10. Bg3 Kf7 11. O-O Bg4 12. h3 Bxf3 13. gxf3 Nge7 
14. Rad1 Rd8 15. Kg2 g6 16. Rc1 Nf5 17. Ne2 Bd6 18. Rfd1 Qc7 19. e4 Nfe7 
20. Qe3 Qd7 21. Kh1 Rhg8 22. Bxd6 Qxd6 23. h4 a6 24. Ba4 Qd7 25. Bc2 Rc8 
26. a3 Na5 27. e5 Nc4 28. Qf4 f5 29. Qh6 Nxb2 30. Rg1 Ke8 31. Qh7 Kd8 
32. Nf4 Rc6 33. Bd3 Re8 34. Be2 Nc4 35. Nd3 Kc8 36. Nc5 Rxc5 37. dxc5 Nxe5 
38. f4 N5c6 39. Rb1 Nd8 40. Qg7 Qa4 41. Rb4 Qxa3 42. Rgb1 Qa5 43. Kg2 Qxc5 
44. Rxb7 Nxb7 45. Bxa6 d4 46. Bxb7+ Kc7 47. Bf3 Rb8 48. Ra1 d3 49. Ra6 d2 
50. Rxe6 d1=Q 51. Rxe7+ Qxe7 52. Qxe7+ Qd7 53. Qc5+ Kd8 54. Qf8+ Kc7 
55. Qc5+ Kd8 56. Qf8+ Kc7 57. Qc5+ 1/2-1/2

[Event "Tuesday 30 January Rapid Engine Tour 12+1 Rounds 9 Starts 1600 ST"]
[Site "Infinity Chess"]
[Date "2018.1.30"]
[Round "1"]
[White "Katzenmaier"]
[Black "Ryzen"]
[Result "1/2-1/2"]
[ECO "A06"]
[WhiteElo "2476"]
[BlackElo "2389"]
[WhiteEngine "SugaR XPrO x64 POPCNT"]
[BlackEngine "Houdini 6"]
[EventType "Swiss"]
[WhiteTeam ""]
[BlackTeam ""]
[PlyCount "134"]
[TimeControl "720+1"]

1. Nf3 d5 2. d4 Nf6 3. e3 e6 4. Bd3 b6 5. c4 Bb7 6. O-O dxc4 7. Bxc4 a6 
8. Be2 Nbd7 9. b3 Be7 10. Nbd2 c5 11. Bb2 O-O 12. Rc1 b5 13. a4 cxd4 
14. Bxd4 Qb8 15. Rc2 h6 16. Qa1 Bd6 17. h3 e5 18. Bb2 Re8 19. Rfc1 Nd5 
20. Nf1 N7f6 21. Qb1 Re6 22. Rd2 Ne7 23. Ng3 Bc6 24. axb5 axb5 25. Nh4 Qa7 
26. Rcd1 Qb8 27. Nh5 Nxh5 28. Bxh5 g6 29. Bg4 f5 30. Nxf5 gxf5 31. Bxf5 Rf6 
32. Bh7+ Kf8 33. f4 Qc7 34. Be4 Re8 35. Bxc6 Nxc6 36. Qc2 Ree6 37. f5 Re7 
38. Kh1 Kg8 39. Qe4 Nd8 40. Rd5 Nf7 41. Qg4+ Kh7 42. e4 Re8 43. Qh4 Be7 
44. Rd7 Qc2 45. R1d2 Qc6 46. R2d5 Bb4 47. Ra7 Re7 48. Ra1 Ng5 49. Rc1 Qe8 
50. Rcd1 Ra6 51. Qg4 Nf7 52. Qh5 Qc6 53. Bc1 Bc3 54. R5d3 Bd4 55. Rg3 Nh8 
56. Rf1 Rc7 57. Kh2 Qf6 58. Bg5 Qf7 59. Qh4 Qf8 60. f6 Ng6 61. Qh5 Nf4 
62. Rxf4 Ra1 63. Rf5 Bg1+ 64. Kh1 Bf2+ 65. Kh2 Bg1+ 66. Kh1 Bf2+ 67. Kh2 Bg1+ 
1/2-1/2

[Event "Tuesday 30 January Rapid Engine Tour 12+1 Rounds 9 Starts 1600 ST"]
[Site "Infinity Chess"]
[Date "2018.1.30"]
[Round "1"]
[White "Thinker"]
[Black "Eman"]
[Result "1/2-1/2"]
[ECO "B90"]
[WhiteElo "2395"]
[BlackElo "2477"]
[WhiteEngine "stockfish_18013009_x64_modern_CTG"]
[BlackEngine "Eman 1.68c 64-bit POPCNT"]
[EventType "Swiss"]
[WhiteTeam ""]
[BlackTeam ""]
[PlyCount "83"]
[TimeControl "720+1"]

1. e4 c5 2. Nf3 d6 3. d4 cxd4 4. Nxd4 Nf6 5. Nc3 a6 6. Be3 e5 7. Nb3 Be6 
8. h3 Be7 9. f4 Nc6 10. f5 Bxb3 11. axb3 Nb4 12. g3 d5 13. exd5 Qc7 14. d6 Bxd6 
15. Nb5 Nxc2+ 16. Ke2 Qc6 17. Nxd6+ Ke7 18. Rc1 Nxe3 19. Rxc6 Nxd1 20. Nxb7 Rhb8 
21. Rc7+ Kf8 22. Bg2 Nxb2 23. Nd6 e4 24. Rhc1 Rd8 25. Nxf7 Rd3 26. Ng5 Rxg3 
27. Bxe4 Nxe4 28. Nxe4 Re8 29. Rc8 Rxb3 30. Rxe8+ Kxe8 31. Rc8+ Kd7 32. Rg8 Kc6 
33. Rxg7 Nc4 34. Ng5 Re3+ 35. Kd1 h6 36. Rg6+ Kd5 37. Rxh6 Rg3 38. h4 Ne3+ 
39. Ke2 Nxf5 40. Rxa6 Nxh4 41. Ra5+ Kc6 42. Ne4 1/2-1/2

[Event "Tuesday 30 January Rapid Engine Tour 12+1 Rounds 9 Starts 1600 ST"]
[Site "Infinity Chess"]
[Date "2018.1.30"]
[Round "1"]
[White "SkyPilot"]
[Black "aficionado"]
[Result "1-0 "]
[ECO "C10"]
[WhiteElo "2480"]
[BlackElo "2400"]
[WhiteEngine "stockfish_x64_bmi2_2018_01_23_CTG"]
[BlackEngine "asmFishW_2017-12-20_base_CTG"]
[EventType "Swiss"]
[WhiteTeam ""]
[BlackTeam ""]
[PlyCount "219"]
[TimeControl "720+1"]

1. e4 e6 2. d4 d5 3. Nc3 dxe4 4. Nxe4 Nd7 5. Nf3 Ngf6 6. Bd3 c5 7. c3 cxd4 
8. Nxd4 Nxe4 9. Bxe4 Nf6 10. Bc2 Bc5 11. O-O Bxd4 12. cxd4 Bd7 13. a4 Bc6 
14. Ra3 h5 15. Rg3 Kf8 16. h4 Ne4 17. Bxe4 Bxe4 18. Re1 Bf5 19. Qf3 Qd7 
20. Be3 Rd8 21. Rc1 Kg8 22. d5 exd5 23. Rg5 Bg6 24. Bd4 Qxa4 25. Qf4 Qe8 
26. Qc7 Rh6 27. Qxb7 Qe4 28. Qxa7 Rf8 29. Rg3 Qxh4 30. Be3 Kh7 31. Qb6 Qe4 
32. Bxh6 Kxh6 33. b4 Kh7 34. Qd6 Ra8 35. b5 Qd4 36. Rf1 Ra2 37. Rb3 Bd3 
38. Rb4 Qc3 39. Rh4 Bg6 40. Rb4 Bd3 41. Rh4 Bg6 42. Qxd5 Rb2 43. Rc4 Qb3 
44. Rc5 Qb4 45. Rd1 f6 46. Qd4 Qxd4 47. Rxd4 Be8 48. Re4 Rxb5 49. Rc7 Re5 
50. Rxe5 fxe5 51. Re7 Ba4 52. Rxe5 Kh6 53. Kh2 Bd7 54. Kg3 g5 55. Rd5 h4+ 
56. Kh2 Bc8 57. g3 hxg3+ 58. Kxg3 Kg6 59. Rd6+ Kf5 60. Rc6 Be6 61. Rc1 Ke5 
62. Rc5+ Kf6 63. Rc1 Kf5 64. Rh1 Kg6 65. Rh8 Kf6 66. Rh6+ Kf5 67. Kf3 Bd5+ 
68. Kg3 Be6 69. Kf3 Bd5+ 70. Ke3 Bf7 71. Ra6 Bh5 72. Ra5+ Kf6 73. Rc5 Bg4 
74. Ke4 Bd7 75. Ra5 Bc6+ 76. Ke3 Bd7 77. Ra6+ Ke5 78. Rg6 Kf5 79. Rd6 Be6 
80. Ra6 Bf7 81. Ra5+ Kf6 82. Kf3 Bh5+ 83. Kg3 Kg6 84. f3 Kf6 85. Rc5 Kg6 
86. Rb5 Kh6 87. Rd5 Bg6 88. Rb5 Bh5 89. Rb6+ Kg7 90. Ra6 Kh7 91. Ra1 Kg7 
92. Rh1 Bf7 93. Kg4 Kg6 94. Re1 Kf6 95. Re3 Bg6 96. Rc3 Bf5+ 97. Kh5 Bb1 
98. Rc5 Bg6+ 99. Kg4 Be8 100. Rxg5 Ba4 101. Rf5+ Kg6 102. Ra5 Bd1 103. Ra6+ Kf7 
104. Kg5 Ke7 105. f4 Bh5 106. Kxh5 Kd7 107. Kg5 Kc7 108. f5 Kc8 109. Ra7 Kb8 
110. Rd7 1-0

[Event "Tuesday 30 January Rapid Engine Tour 12+1 Rounds 9 Starts 1600 ST"]
[Site "Infinity Chess"]
[Date "2018.1.30"]
[Round "1"]
[White "IronMan"]
[Black "KRAKEN"]
[Result "1/2-1/2"]
[ECO "A09"]
[WhiteElo "2408"]
[BlackElo "2485"]
[WhiteEngine "Eman 1.68c 64-bit BMI2"]
[BlackEngine "Raubfisch ME262_GTZ16c_CTG"]
[EventType "Swiss"]
[WhiteTeam ""]
[BlackTeam ""]
[PlyCount "118"]
[TimeControl "720+1"]

1. Nf3 d5 2. c4 e6 3. d4 Nf6 4. a3 Nbd7 5. cxd5 exd5 6. Bg5 c6 7. Qc2 Be7 
8. e3 Ne4 9. Bxe7 Qxe7 10. Bd3 g6 11. Nc3 Ndf6 12. Bxe4 Nxe4 13. Nxe4 Qxe4 
14. Qxe4+ dxe4 15. Nd2 f5 16. Ke2 Be6 17. Rac1 a5 18. Rc5 Kd7 19. f3 b6 
20. Re5 exf3+ 21. gxf3 Rhf8 22. h4 a4 23. Rd1 Rad8 24. Rc1 Rde8 25. Nb1 Bb3 
26. Rxe8 Rxe8 27. Kf2 Rf8 28. Kg3 b5 29. Nd2 Bd5 30. Rg1 Be6 31. Kf4 Kd6 
32. Rh1 Bf7 33. Rg1 Be6 34. Kg5 c5 35. Nb1 cxd4 36. exd4 b4 37. Kh6 Rb8 
38. Kxh7 Ke7 39. axb4 Rxb4 40. Kxg6 Rxd4 41. Kg5 Rd8 42. Kf4 Kf6 43. Nc3 Rd4+ 
44. Kg3 Rb4 45. Rg2 f4+ 46. Kh2 Rb3 47. h5 Bf5 48. Nd5+ Ke5 49. Ne7 Kf6 
50. Nxf5 Kxf5 51. h6 Rb6 52. Rd2 Rxh6+ 53. Kg2 Ke5 54. Re2+ Kd4 55. Re4+ Kc5 
56. Rxa4 Rg6+ 57. Kf1 Rb6 58. b3 Rxb3 59. Rxf4 Rb8 1/2-1/2